 Dungeon Crawl Stone Soup version 0.31.0-12-g77e489cdc1 (webtiles) character file.

Game seed: 12295398648124942049

9 RancidPinata the Sneak (level 2, 0/21 HPs)
             Began as an Octopode Delver on Feb 20, 2024.
             Slain by an ufetubus (5 damage)
             ... on level 6 of the Dungeon.
             The game lasted 00:00:37 (127 turns).

RancidPinata the Sneak (Octopode Delver)             Turns: 127, Time: 00:00:40

Health: 0/21       AC:  1    Str: 11    XL:     2   Next: 12%
Magic:  2/2        EV: 13    Int: 12    God:
Gold:   0          SH:  0    Dex: 13    Spells: 1/1 levels left

rFire   . . .        a - +0 short sword
rCold   . . .        (no shield)
rNeg    . . .        (helmet restricted)
rPois   .            (no amulet)
rElec   .            (no ring)
rCorr   .            (no ring)
SInv    .            (no ring)
Will    .....        (no ring)
Stlth   ++++         (no ring)
HPRegen 0.23/turn    (no ring)
MPRegen 0.08/turn    (no ring)
                     (no ring)

%: no passive effects
@: no status effects
A: almost no armour, amphibious, 8 rings, camouflage 1, gelatinous body 1,
(nimble swimmer 1), tentacles
a: no special abilities


You were on level 6 of the Dungeon.
You visited 1 branch of the dungeon, and saw 3 of its levels.

Inventory:

Hand Weapons
 a - a +0 short sword (weapon)
Missiles
 g - 7 stones (quivered)
Wands
 f - a wand of digging (3)
Scrolls
 b - a scroll of fog
 c - a scroll of revelation
 d - a scroll of fear
Potions
 e - a potion of haste


   Skills:
 * Level 3.1 Fighting
 + Level 2.1 Short Blades
 * Level 2.2 Dodging
 * Level 6.7 Stealth


You had one spell level left.
You didn't know any spells.
Your spell library contained the following spells:

 Spells                   Type           Power      Damage    Failure   Level
 Slow                     Hex            0%         N/A       32%         1
 Confusing Touch          Hex            0%         N/A       69%         3
 Sigil of Binding         Hex            0%         N/A       69%         3
 Vampiric Draining        Necr           0%         2d6       69%         3


Dungeon Overview and Level Annotations

Branches:
Dungeon (7/15)
 Temple: D:4-7

Altars:


Innate Abilities, Weirdness & Mutations

You cannot wear most types of armour.
You are amphibious.
You can wear up to eight rings at the same time.
Your skin changes colour to match your surroundings (Stealth+).
Your rubbery body absorbs attacks. (AC +1, EV +1)
((You are camouflaged when in or above water. (Stealth+)))
You have tentacles for arms and can constrict up to eight enemies at once.


Message History

You constrict the adder, but do no damage.
The adder closely misses you.
You hit the adder but do no damage.
The adder is heavily wounded.
You constrict the adder. The adder closely misses you.
You hit the adder.
The adder is almost dead.
You constrict the adder. The adder closely misses you.
You hit the adder.
You kill the adder!
You have reached level 2!
You start resting.
HP restored.
You see here an orb of wrath.
An ufetubus comes into view.
The ufetubus shouts!
An ufetubus comes into view.
The ufetubus slips past you! The ufetubus closely misses you.
The ufetubus hits you. The ufetubus completely misses you.
The ufetubus hits you but does no damage.
You miss the ufetubus. Your grab misses the ufetubus. The ufetubus hits you. x2
The ufetubus closely misses you. The ufetubus hits you.
You hit the ufetubus. You grab the ufetubus.
The ufetubus is lightly wounded.
You constrict the ufetubus. The ufetubus closely misses you.
The ufetubus barely misses you. x2; The ufetubus hits you. x2
The ufetubus closely misses you.
You hit the ufetubus.
You squeeze the ufetubus, but do no damage.
The ufetubus is heavily wounded.
You constrict the ufetubus. The ufetubus closely misses you.
The ufetubus hits you but does no damage.
The ufetubus barely misses you. x2
You hit the ufetubus but do no damage.
The ufetubus is severely wounded.
You constrict the ufetubus. The ufetubus barely misses you.
The ufetubus hits you. x2
* * * LOW HITPOINT WARNING * * *
The ufetubus closely misses you. The ufetubus hits you.
You die...

###..###.#
#........#
###......#.#
+.......##.#
###....###.#
#.#..###.#
#......[.#
####5##### #+
########@# #.
#.....##5# #.
#.###.##.# ##.#
#.#......#
##...##.#.#.####
#.....#.....###
#..........>.#
...#.#.###.###.#
#.#.#.###.# #.#


You could see 2 ufetubi.

Vanquished Creatures
  An adder (D:6)
1 creature vanquished.

Notes
Turn   | Place    | Note
-------+----------+-------------------------------------------
     0 | D:5      | RancidPinata the Octopode Delver began the quest for the
                  | Orb.
     0 | D:5      | Reached XP level 1. HP: 16/16 MP: 1/1
    33 | D:7      | Noticed a killer bee
    34 | D:7      | Noticed a killer bee
    68 | D:6      | Reached XP level 2. HP: 12/21 MP: 2/2
   127 | D:6      | Slain by an ufetubus

Illustrated notes

Levels and vault maps discovered:
D:5:      layout_loops_ring, lightli_ossuary_entry_decrepit_ruins,
          kennysheep_generic_room_6
D:6:      layout_loops_corners, mainiacjoe_overflow_alcove_2,
          nicolae_figureground_sparkle
D:7:      layout_loops_ring, fedhas_altar_decomposition,
          minmay_temple_entry_offerings, ebering_ghost_reflecting_pool,
          enter_bailey_1, minivault_26, minmay_misc_feat_doors,
          uniq_prince_ribbit1, uniq_jeremiah, uniq_pikel, uniq_duvessa

Action                     || total
---------------------------++-------
  Melee: Short sword       ||    14
         Constrict         ||     2
         Tentacles         ||     2
 Armour: Skin              ||    15
  Dodge: Dodged            ||    19
